SAAA
TREMONT DOUBLEDAYS @ ATHLETIC CLUB KC RESERVES
09/14/2033
 
TOP OF THE 1ST
Tremont Doubledays batting - Pitching for Athletic Club KC Reserves : LHP Mike Truk
Pitching: LHP Mike Truk
Batting: RHB Bryant Skelly 0-0: DOUBLE (Flyball, 78D)
Batting: RHB Menno van de Vlugt 0-0: Ball
1-0: Called Strike
1-1: Foul Ball, location: 2F
1-2: Strikes out swinging
Batting: RHB Dan Chrzan 0-0: Fly out, F7 (Flyball, 7LMF)
Batting: RHB Vito Middendorf 0-0: Ball
1-0: Foul Ball, location: 2F
1-1: Fly out, F7 (Flyball, 7LDF)
Top of the 1st over - 0 runs, 1 hit, 0 errors, 1 left on base; Tremont 0 - Athletic Club KC 0
BOTTOM OF THE 1ST
Athletic Club KC Reserves batting - Pitching for Tremont Doubledays : RHP Daniel Lavalley
Pitching: RHP Daniel Lavalley
Batting: RHB Arturo Annunziato 0-0: Ball
1-0: Swinging Strike
1-1: Ball
2-1: Called Strike
2-2: Strikes out swinging
Batting: RHB Tasuku Goto 0-0: Ground out 6-3 (Groundball, 6)
Batting: LHB Onye Mahusay 0-0: Ball
1-0: Ball
2-0: Ball
3-0: Base on Balls
Batting: LHB Matt Herman 0-0: Called Strike
0-1: Foul Ball, location: 2F
0-2: Foul Ball, location: 2F
0-2: Ball
1-2: Ball
2-2: Fielders Choice at 2nd, 6-4 (Groundball, 6)
Bottom of the 1st over - 0 runs, 0 hits, 0 errors, 1 left on base; Tremont 0 - Athletic Club KC 0
TOP OF THE 2ND
Tremont Doubledays batting - Pitching for Athletic Club KC Reserves : LHP Mike Truk
Batting: LHB Divine Diablo 0-0: Called Strike
0-1: Foul Ball, location: 2F
0-2: Ball
1-2: Strikes out swinging
Batting: RHB David Pérez 0-0: Called Strike
0-1: Ball
1-1: Ball
2-1: Ball
3-1: Called Strike
3-2: Base on Balls
Batting: RHB Jesús Quintana 0-0: Ball
1-0: Foul Ball, location: 2F
1-1: Ball
2-1: Ball
3-1: SINGLE (Groundball, 2R) (infield hit)
David Pérez to second
Batting: RHB Albert Covington 0-0: Called Strike
0-1: Called Strike
0-2: SINGLE (Line Drive, 34D)
David Pérez to third
Jesús Quintana to second
Runner from 3rd tries for Home, SAFE, no throw
Batting: RHB Sergio Pérez 0-0: Ball
1-0: Ball
2-0: Foul Ball, location: 2F
2-1: Fly out, F4 (Popup, 34S)
Batting: RHB Bryant Skelly 0-0: Called Strike
0-1: Fielders Choice at 2nd, 6-4 (Groundball, 6)
Top of the 2nd over - 1 run, 2 hits, 0 errors, 2 left on base; Tremont 1 - Athletic Club KC 0
BOTTOM OF THE 2ND
Athletic Club KC Reserves batting - Pitching for Tremont Doubledays : RHP Daniel Lavalley
Batting: LHB Kwang-chih Feng 0-0: Called Strike
0-1: Ball
1-1: Swinging Strike
1-2: SINGLE (Groundball, 5D)
Batting: LHB Tony García 0-0: Swinging Strike
0-1: SINGLE (Line Drive, 89S)
Kwang-chih Feng to second
Batting: RHB Abeni Mbanefo 0-0: Ball
1-0: Called Strike
1-1: Fly out, F8 (Flyball, 8RD)
Batting: RHB Shintaro Yamada 0-0: Foul Ball, location: 2F
0-1: Ball
1-1: Ball
2-1: Foul Ball, location: 2F
2-2: Grounds into double play, 6-4-3 (Groundball, 6)
Bottom of the 2nd over - 0 runs, 2 hits, 0 errors, 1 left on base; Tremont 1 - Athletic Club KC 0
TOP OF THE 3RD
Tremont Doubledays batting - Pitching for Athletic Club KC Reserves : LHP Mike Truk
Batting: RHB Menno van de Vlugt 0-0: Ball
1-0: Called Strike
1-1: Ground out 5-3 (Groundball, 56)
Batting: RHB Dan Chrzan 0-0: Swinging Strike
0-1: Called Strike
0-2: Ball
1-2: SINGLE (Groundball, 6MD)
Batting: RHB Vito Middendorf 0-0: 2-RUN HOME RUN (Flyball, 7D), Distance : 351 ft
Batting: LHB Divine Diablo 0-0: Ball
1-0: Swinging Strike
1-1: Foul Ball, location: 2F
1-2: Ball
2-2: SINGLE (Line Drive, 8RS)
Batting: RHB David Pérez 0-0: Fielders Choice at 2nd, 4-6 (Groundball, 4)
Batting: RHB Jesús Quintana 0-0: Ball
1-0: Foul Ball, location: 2F
1-1: Ball
2-1: Fly out, F9 (Flyball, 9S)
Top of the 3rd over - 2 runs, 3 hits, 0 errors, 1 left on base; Tremont 3 - Athletic Club KC 0
BOTTOM OF THE 3RD
Athletic Club KC Reserves batting - Pitching for Tremont Doubledays : RHP Daniel Lavalley
Batting: RHB Tony Osorio 0-0: Swinging Strike
0-1: Ground out 5-3 (Groundball, 5L)
Batting: RHB Arturo Annunziato 0-0: Ball
1-0: Ball
2-0: Ball
3-0: Called Strike
3-1: Ground out 6-3 (Groundball, 6MD)
Batting: RHB Tasuku Goto 0-0: Ball
1-0: Ball
2-0: Called Strike
2-1: Foul Ball, location: 2F
2-2: Ball
3-2: Foul Ball, location: 2F
3-2: Foul Ball, location: 2F
3-2: Ground out 5-3 (Groundball, 56)
Bottom of the 3rd over - 0 runs, 0 hits, 0 errors, 0 left on base; Tremont 3 - Athletic Club KC 0
TOP OF THE 4TH
Tremont Doubledays batting - Pitching for Athletic Club KC Reserves : LHP Mike Truk
Batting: RHB Albert Covington 0-0: Ball
1-0: Called Strike
1-1: Foul Ball, location: 2F
1-2: Reached via error on a dropped throw, E3
Batting: RHB Sergio Pérez 0-0: Called Strike
0-1: Called Strike
0-2: Ball
1-2: Foul Ball, location: 2F
1-2: Ball
2-2: Ball
3-2: Grounds into double play, 5-4-3 (Groundball, 5)
Batting: RHB Bryant Skelly 0-0: Called Strike
0-1: Ball
1-1: Ball
2-1: Ball
3-1: Swinging Strike
3-2: Base on Balls
Batting: RHB Menno van de Vlugt 0-0: Ball
1-0: Foul Ball, location: 2F
1-1: Called Strike
1-2: Ball
Bryant Skelly steals 2nd base
2-2: Ball
3-2: SINGLE (Flyball, 8LS)
Bryant Skelly to third
Bryant Skelly scores
Batting: RHB Dan Chrzan 0-0: Called Strike
0-1: Ball
1-1: Ball
2-1: Fly out, F9 (Flyball, 9)
Top of the 4th over - 1 run, 1 hit, 1 error, 1 left on base; Tremont 4 - Athletic Club KC 0
BOTTOM OF THE 4TH
Athletic Club KC Reserves batting - Pitching for Tremont Doubledays : RHP Daniel Lavalley
Batting: LHB Onye Mahusay 0-0: Ball
1-0: Fly out, F7 (Flyball, 78D)
Batting: LHB Matt Herman 0-0: Called Strike
0-1: Ball
1-1: Called Strike
1-2: Ball
2-2: Fly out, F8 (Flyball, 8LS)
Batting: LHB Kwang-chih Feng 0-0: Ball
1-0: Foul Ball, location: 2F
1-1: Foul Ball, location: 2F
1-2: SINGLE (Groundball, 4MD)
Batting: LHB Tony García 0-0: Called Strike
0-1: Ball
1-1: Ball
2-1: Ball
3-1: Base on Balls
Kwang-chih Feng to second
Batting: RHB Abeni Mbanefo 0-0: Called Strike
0-1: Ball
1-1: Ball
2-1: Fielders Choice at 2nd, 5-4 (Groundball, 56)
Bottom of the 4th over - 0 runs, 1 hit, 0 errors, 2 left on base; Tremont 4 - Athletic Club KC 0
TOP OF THE 5TH
Tremont Doubledays batting - Pitching for Athletic Club KC Reserves : LHP Mike Truk
Batting: RHB Vito Middendorf 0-0: Ball
1-0: Called Strike
1-1: Ball
2-1: Foul Ball, location: 2F
2-2: Foul Ball, location: 2F
2-2: Ground out 6-3 (Groundball, 56)
Batting: LHB Divine Diablo 0-0: Called Strike
0-1: Ball
1-1: Foul Ball, location: 2F
1-2: Ball
2-2: Fly out, F8 (Flyball, 8LM)
Batting: RHB David Pérez 0-0: Called Strike
0-1: Ball
1-1: Ball
2-1: Foul Ball, location: 2F
2-2: Ball
3-2: Foul Ball, location: 2F
3-2: Strikes out swinging, 2-3 out at first.
Top of the 5th over - 0 runs, 0 hits, 0 errors, 0 left on base; Tremont 4 - Athletic Club KC 0
BOTTOM OF THE 5TH
Athletic Club KC Reserves batting - Pitching for Tremont Doubledays : RHP Daniel Lavalley
Batting: RHB Shintaro Yamada 0-0: Ball
1-0: Fly out, F6 (Popup, 6M)
Batting: RHB Tony Osorio 0-0: SINGLE (Groundball, 6M) (infield hit)
Batting: RHB Arturo Annunziato 0-0: Called Strike
Tony Osorio steals 2nd base
0-1: Ground out 1-3 (Groundball, 15S)
Batting: RHB Tasuku Goto 0-0: Called Strike
0-1: Foul Ball, location: 2F
0-2: Ball
1-2: Foul Ball, location: 2F
1-2: Ball
2-2: Ball
3-2: Strikes out swinging
Bottom of the 5th over - 0 runs, 1 hit, 0 errors, 1 left on base; Tremont 4 - Athletic Club KC 0
TOP OF THE 6TH
Tremont Doubledays batting - Pitching for Athletic Club KC Reserves : LHP Mike Truk
Pitching: RHP Rafael Valadez
Batting: RHB Jesús Quintana 0-0: Called Strike
0-1: Ground out U3 (Groundball, 34)
Batting: RHB Albert Covington 0-0: SINGLE (Groundball, 34D)
Batting: RHB Sergio Pérez 0-0: Swinging Strike
0-1: Ball
1-1: Called Strike
1-2: Strikes out swinging
Batting: RHB Bryant Skelly 0-0: Ball
1-0: Fly out, F7 (Line Drive, 7)
Top of the 6th over - 0 runs, 1 hit, 0 errors, 1 left on base; Tremont 4 - Athletic Club KC 0
BOTTOM OF THE 6TH
Athletic Club KC Reserves batting - Pitching for Tremont Doubledays : RHP Daniel Lavalley
Batting: LHB Onye Mahusay 0-0: Foul Ball, location: 2F
0-1: Ball
1-1: Ball
2-1: Foul Ball, location: 2F
2-2: Foul Ball, location: 2F
2-2: Foul Ball, location: 2F
2-2: Ground out 5-3 (Groundball, 5L)
Batting: LHB Matt Herman 0-0: Ball
1-0: Called Strike
1-1: Swinging Strike
1-2: Reached via error on a dropped throw, E1
Batting: LHB Kwang-chih Feng 0-0: Foul Ball, location: 2F
0-1: Foul Ball, location: 2F
0-2: Ball
1-2: Ball
2-2: Strikes out looking
Batting: LHB Tony García 0-0: Ball
1-0: Called Strike
1-1: Ball
2-1: Ground out 4-3 (Groundball, 4)
Bottom of the 6th over - 0 runs, 0 hits, 1 error, 1 left on base; Tremont 4 - Athletic Club KC 0
TOP OF THE 7TH
Tremont Doubledays batting - Pitching for Athletic Club KC Reserves : RHP Rafael Valadez
Batting: RHB Menno van de Vlugt 0-0: Ball
1-0: Called Strike
1-1: Ball
2-1: Ball
3-1: Foul Ball, location: 2F
3-2: Ground out 6-3 (Groundball, 6)
Batting: RHB Dan Chrzan 0-0: Called Strike
0-1: Ball
1-1: Ball
2-1: Foul Ball, location: 2F
2-2: Strikes out swinging wild pitch, reaches first!
Batting: RHB Vito Middendorf 0-0: Ball
1-0: Swinging Strike
1-1: Fly out, F8 (Flyball, 8RS)
Batting: LHB Divine Diablo 0-0: Ball
1-0: Ball
2-0: Called Strike
2-1: Foul Ball, location: 2F
2-2: SINGLE (Line Drive, 34)
Dan Chrzan to second
Batting: RHB David Pérez 0-0: Foul Ball, location: 2F
0-1: Swinging Strike
0-2: Foul Ball, location: 2F
0-2: Ball
1-2: Ball
2-2: Ball
3-2: Strikes out swinging
Top of the 7th over - 0 runs, 1 hit, 0 errors, 2 left on base; Tremont 4 - Athletic Club KC 0
BOTTOM OF THE 7TH
Athletic Club KC Reserves batting - Pitching for Tremont Doubledays : RHP Daniel Lavalley
Batting: RHB Abeni Mbanefo 0-0: Called Strike
0-1: Called Strike
0-2: Ball
1-2: Foul Ball, location: 2F
1-2: Ball
2-2: Strikes out swinging
Batting: RHB Shintaro Yamada 0-0: Ball
1-0: Foul Ball, location: 2F
1-1: Ball
2-1: Foul Ball, location: 2F
2-2: Strikes out swinging
Batting: RHB Tony Osorio 0-0: Ball
1-0: Swinging Strike
1-1: Ball
2-1: Ground out 5-3 (Groundball, 56)
Bottom of the 7th over - 0 runs, 0 hits, 0 errors, 0 left on base; Tremont 4 - Athletic Club KC 0
TOP OF THE 8TH
Tremont Doubledays batting - Pitching for Athletic Club KC Reserves : RHP Rafael Valadez
Batting: RHB Jesús Quintana 0-0: Ball
1-0: Ball
2-0: Foul Ball, location: 2F
2-1: Foul Ball, location: 2F
2-2: Ground out 6-3 (Groundball, 56)
Batting: RHB Albert Covington 0-0: Ball
1-0: Ball
2-0: Ball
3-0: Base on Balls
Batting: RHB Sergio Pérez 0-0: Called Strike
0-1: Foul Ball, location: 2F
0-2: Ball
1-2: Ball
2-2: Ball
3-2: Foul Ball, location: 2F
3-2: Foul Ball, location: 2F
3-2: Ground out 6-3 (Groundball, 6)
Albert Covington to second
Batting: RHB Bryant Skelly 0-0: Foul Ball, location: 2F
0-1: Foul Ball, location: 2F
0-2: SINGLE (Line Drive, 3D)
Albert Covington to third
Runner from 3rd tries for Home, SAFE, no throw
Batting: RHB Menno van de Vlugt 0-0: Ball
1-0: Ball
Bryant Skelly steals 2nd base
2-0: Foul Ball, location: 2F
2-1: Ground out 5-3 (Groundball, 56S)
Top of the 8th over - 1 run, 1 hit, 0 errors, 1 left on base; Tremont 5 - Athletic Club KC 0
BOTTOM OF THE 8TH
Athletic Club KC Reserves batting - Pitching for Tremont Doubledays : RHP Daniel Lavalley
Batting: RHB Arturo Annunziato 0-0: Called Strike
0-1: Ball
1-1: Called Strike
1-2: Foul Ball, location: 2F
1-2: Ball
2-2: Fly out, F5 (Flyball, 5D)
Pitching: RHP Vincente Ortíz
Batting: RHB Tasuku Goto 0-0: Called Strike
0-1: Fly out, F6 (Line Drive, 6)
Batting: LHB Onye Mahusay 0-0: Swinging Strike
0-1: Foul Ball, location: 2F
0-2: Fly out, F8 (Flyball, 78D)
Bottom of the 8th over - 0 runs, 0 hits, 0 errors, 0 left on base; Tremont 5 - Athletic Club KC 0
TOP OF THE 9TH
Tremont Doubledays batting - Pitching for Athletic Club KC Reserves : RHP Rafael Valadez
Batting: RHB Dan Chrzan 0-0: Called Strike
0-1: Ball
1-1: Ball
2-1: Ball
3-1: Foul Ball, location: 2F
3-2: Fly out, F7 (Flyball, 78S)
Batting: RHB Vito Middendorf 0-0: Called Strike
0-1: Swinging Strike
0-2: Strikes out swinging
Pitching: LHP Jesús Otero
Batting: LHB Divine Diablo 0-0: Ball
1-0: Foul Ball, location: 2F
1-1: Ball
2-1: Swinging Strike
2-2: Strikes out swinging
Top of the 9th over - 0 runs, 0 hits, 0 errors, 0 left on base; Tremont 5 - Athletic Club KC 0
BOTTOM OF THE 9TH
Athletic Club KC Reserves batting - Pitching for Tremont Doubledays : RHP Vincente Ortíz
Now at C: Jack Davis
Now at 1B: Arturo Morales
Batting: LHB Matt Herman 0-0: Swinging Strike
0-1: Ground out U3 (Groundball, 3)
Batting: LHB Kwang-chih Feng 0-0: DOUBLE (Line Drive, 78XD)
Batting: LHB Tony García 0-0: Ball
1-0: Ball
2-0: Ball
3-0: Base on Balls
Batting: RHB Abeni Mbanefo 0-0: Foul Ball, location: 2F
0-1: Foul Ball, location: 2F
0-2: Ball
1-2: SINGLE (Flyball, 9S)
Kwang-chih Feng to third
Tony García to second
Pitching: RHP Craig Whitney
Batting: RHB Shintaro Yamada 0-0: Ball
1-0: Foul Ball, location: 2F
1-1: Fly out, F9 (Flyball, 89M)
Runner from 3rd tags up, SCORES, no throw
Batting: RHB Tony Osorio 0-0: Called Strike
0-1: Ground out 5-3 (Groundball, 56S)
Bottom of the 9th over - 1 run, 2 hits, 0 errors, 2 left on base; Tremont 5 - Athletic Club KC 1
Saturday, December 22nd, 2018 - OOTP Baseball 18.8 Build 76